 Dungeon Crawl Stone Soup version 0.21-a0-521-g1cd18d1 (webtiles) character file.

9674 esteth the Severer (level 11, -2/89 HPs)
             Began as a Hill Orc Monk on Dec 5, 2017.
             Was a High Priest of Beogh.
             Slain by an orc warrior
             ... wielding a +0 battleaxe
             ... led by an orc warlord
              (22 damage)
             ... on level 2 of the Orcish Mines.
             The game lasted 00:29:52 (11299 turns).

esteth the Severer (Hill Orc Monk)                 Turns: 11299, Time: 00:29:53

Health: -2/89      AC: 19    Str: 17    XL:     11   Next: 50%
Magic:  18/21      EV:  7    Int: 10    God:    Beogh [*****.]
Gold:   963        SH:  0    Dex: 14    Spells: 10/10 levels left

rFire    . . .     SeeInvis .   z - +0 war axe
rCold    . . .     Gourm    .   (no shield)
rNeg     . . .     Faith    .   j - +0 chain mail
rPois    +         Spirit   .   i - +0 helmet
rElec    .         Reflect  .   Q - +0 cloak
rCorr    +         Harm     .   F - +0 pair of gloves
MR       +....                  V - +2 pair of boots of the Lost Path {rPois MR+ Stlth+}
Stlth    ..........             (no amulet)
HPRegen  0.24/turn              o - +5 ring of protection
MPRegen  0.17/turn              W - ring of resist corrosion

@: lethally poisoned (-2 -> -10)
A: walk on water
a: Smiting, Recall Orcish Followers, Give Item to Named Follower, Renounce
Religion


You were on level 2 of the Orcish Mines.
You worshipped Beogh.
Beogh was extremely pleased with you.
You were not hungry.

You visited 2 branches of the dungeon, and saw 12 of its levels.
You also visited: Sewer and Ossuary.

You collected 963 gold pieces.

Inventory:

Hand Weapons
 a - a +0 hand axe
 z - a +0 war axe (weapon)
 N - a +0 hand crossbow
Armour
 b - a +0 robe
 i - a +0 helmet (worn)
 j - a +0 chain mail (worn)
 F - a +0 pair of gloves (worn)
 Q - a +0 cloak (worn)
 V - the +2 pair of boots of the Lost Path (worn) {rPois MR+ Stlth+}
   (You found it on level 10 of the Dungeon)

   It protects you from poison.
   It affects your resistance to hostile enchantments.
   It makes you more stealthy.
Jewellery
 o - a +5 ring of protection (left hand)
 y - an uncursed ring of ice
 M - the ring "Poulud" {+Inv rC+ rN+ Str-3}
   (You found it on level 8 of the Dungeon)

   [ring of protection from cold]

   It affects your strength (-3).
   It protects you from cold.
   It protects you from negative energy.
   It lets you turn invisible.
 W - a ring of resist corrosion (right hand)
Wands
 G - a wand of polymorph (26)
 L - a wand of enslavement (5)
 P - a wand of scattershot (5)
 U - a wand of iceblast (9)
 X - a wand of random effects (26)
Scrolls
 d - 6 scrolls of random uselessness
 e - 4 scrolls of fear {unknown}
 f - 2 scrolls of amnesia {unknown}
 h - 4 scrolls of remove curse {unknown}
 k - 6 scrolls of teleportation {unknown}
 l - 15 scrolls of identify
 m - a scroll of enchant weapon {unknown}
 n - a scroll of blinking {unknown}
 u - 2 scrolls of immolation {unknown}
 v - 2 scrolls of magic mapping {unknown}
 D - 6 scrolls of noise {unknown}
 H - a scroll of fog {unknown}
 I - a scroll of summoning
 J - 2 scrolls of enchant armour {unknown}
 K - a scroll of brand weapon {unknown}
Potions
 g - 3 potions of haste
 r - a potion of resistance {unknown}
 s - 2 potions of flight
 x - 2 potions of agility {unknown}
 A - 9 potions of degeneration {unknown}
 B - a potion of lignification {unknown}
 C - a potion of invisibility {unknown}
 E - 2 potions of might
 O - a potion of magic
 S - a potion of cancellation {unknown}
Books
 R - a Young Poisoner's Handbook

   Spells                             Type                      Level
   a - Sting                          Conjuration/Poison           1
   b - Poisonous Vapours              Poison/Air                   2
   c - Mephitic Cloud                 Conjuration/Poison/Air       3
   d - Olgreb's Toxic Radiance        Poison                       4
   e - Venom Bolt                     Conjuration/Poison           5
 T - a book of Changes

   Spells                             Type                      Level
   a - Beastly Appendage              Transmutation                1
   b - Sticks to Snakes               Transmutation                2
   c - Spider Form                    Transmutation/Poison         3
   d - Ice Form                       Ice/Transmutation            4
   e - Blade Hands                    Transmutation                5
Comestibles
 c - 9 bread rations
 p - 4 royal jellies
 q - 6 fruits
 t - 5 chunks of flesh
 w - 7 meat rations


   Skills:
 + Level 6.1 Fighting
 - Level 16.0 Axes
 - Level 2.4 Dodging
 - Level 1.5 Stealth
 + Level 14.3 Invocations


You had 10 spell levels left.
You didn't know any spells.

Dungeon Overview and Level Annotations

Branches:
Dungeon (10/15)            Temple (0/1) D:6            Lair (0/6) D:10
    Orc (2/2) D:10
    Elf: Orc:2

Altars:
Cheibriados
Dithmenos
Fedhas
Hepliaklqana
Kikubaaqudgha
Nemelex Xobeh
Sif Muna
Trog
The Shining One

Shops:
D:5 =

Annotations:
D:3 exclusion: downstairs
D:4 Blork the orc
D:5 exclusion: downstairs
D:6 exclusion: downstairs
D:7 1 runed door


Message History

Beogh accepts your kill.
You slash the orc warrior!
Your orc barely misses the orc warlord.
The orc warlord hits you with a battleaxe of venom.
* * * LOW HITPOINT WARNING * * *
You are poisoned.
The orc warlord hits your orc with a battleaxe of venom!
Your orc dies!
The orc warlord hits your orc knight with a battleaxe of venom!!
Your orc knight looks as sick as possible!
Your orc warrior completely misses the orc warlord.
Your orc warrior barely misses the orc warrior.
Your orc knight hits the orc warrior with a hand axe.
Your orc knight barely misses the orc warlord.
You hit the orc warlord but do no damage.
The orc warlord is almost dead.
You hit the orc warrior.
You feel sick.
Your orc warrior hits the orc warlord but does no damage.
The orc warrior hits you with a battleaxe!!
You die...
Beogh appreciates the orc warrior's killing of a heretic priest.

.......## ..
........# ..#
##.......#
...###.........
..$...........#
.......).....#
......oo†..#
.....oooo..#
.....oo@####
#...)ooo..#
#....))...#
......)..^..
...).........
............##
..)..........
.....##.......


You could see an orc warlord, an orc warrior, a friendly orc knight, a friendly
orc sorcerer, 5 friendly orc warriors, a friendly orc wizard and a friendly orc.

Vanquished Creatures
  Erolcha (Orc:1)
  Pikel (D:7)
  Maurice (D:8)
  A gargoyle (D:10)
  A troll (Orc:2)
  A hippogriff (D:9)
  3 yaks (D:10)
  A warg (Orc:1)
  A water moccasin (D:5)
  Duvessa (D:6)
  2 orc warriors
  2 slaves (D:7)
  An ice beast (D:9)
  A sky beast (D:8)
  3 black bears
  A centaur (D:6)
  3 ogres
  A big kobold (Sewer)
  2 bullfrogs (D:10)
  Dowan (D:6)
  A wyvern skeleton (D:7)
  3 scorpions
  2 killer bees (D:8)
  8 wights
  The ghost of Gerstahl the Insei, a weakling DsTm (D:3)
  3 howler monkeys (D:7)
  A crimson imp (D:6)
  A bullfrog zombie (D:6)
  A centaur zombie (D:8)
  A quasit (D:5)
  4 hounds
  2 human zombies (Ossuary)
  2 orc priests
  A jelly (D:5)
  A bullfrog skeleton (D:8)
  An iguana (D:8)
  10 orc wizards
  6 worker ants
  A big kobold zombie (Ossuary)
  A hound zombie (D:6)
  6 mummies (Ossuary)
  A gnoll (D:9)
  2 river rats (Sewer)
  9 adders
  5 shadow imps
  2 oozes
  4 worms
  2 dart slugs
  5 leopard geckos
  20 orcs
  A ball python (D:1)
  11 giant cockroaches
  6 goblins
  7 hobgoblins
  5 jackals
  12 kobolds
  3 quokkas
  A ball python skeleton (D:3)
  9 bats
  4 frilled lizards
  3 gnoll zombies (Ossuary)
  A hobgoblin zombie (Ossuary)
  A leopard gecko zombie (D:5)
  An orc zombie (Ossuary)
  A quokka skeleton (D:7)
  A quokka zombie (D:6)
  12 rats
  A fungus (D:10)
216 creatures vanquished.

Vanquished Creatures (collateral kills)
  2 two-headed ogres
  An orc high priest (Orc:1)
  The ghost of nht the Slicer, a novice DsBe of Trog (D:10)
  2 orc sorcerers
  Joseph (D:7)
  A troll (Orc:2)
  3 yaks (D:10)
  A spriggan (D:8)
  A wyvern (D:9)
  2 wargs (Orc:1)
  A water moccasin (D:7)
  3 porcupines (D:10)
  A black bear (D:10)
  A hornet zombie (D:8)
  7 orc warriors
  A phantom (D:10)
  3 ogres
  A crocodile (D:10)
  A centaur (D:9)
  A big kobold (D:9)
  2 bullfrogs (D:10)
  A gnoll sergeant (D:9)
  2 killer bees (D:8)
  9 wights
  A howler monkey (D:9)
  A crimson imp (D:7)
  2 centaur zombies (D:9)
  2 hounds
  A bullfrog skeleton (D:7)
  An orc priest (Orc:1)
  4 orc wizards
  2 worker ants
  4 gnolls
  2 adders (D:9)
  8 orcs
  2 kobolds (D:9)
  A fungus (D:10)
80 creatures vanquished.

Vanquished Creatures (others)
  An orc knight (Orc:1)
  An orc warrior (Orc:1)
  2 slaves (D:7)
  4 orc wizards
  2 orc priests
  23 orcs
  22 fungi (D:10)
  7 plants (D:10)
62 creatures vanquished.

Grand Total: 358 creatures vanquished

Notes
Turn   | Place    | Note
-------+----------+-------------------------------------------
     0 | D:1      | esteth the Hill Orc Monk began the quest for the Orb.
     0 | D:1      | Reached XP level 1. HP: 19/19 MP: 1/1
   163 | D:1      | Reached XP level 2. HP: 25/26 MP: 2/2
   312 | D:1      | Reached skill level 5 in Axes
   458 | D:1      | Reached XP level 3. HP: 26/31 MP: 3/3
   731 | D:2      | Found a deep blue altar of Sif Muna.
   784 | D:2      | Reached skill level 6 in Axes
   811 | D:2      | Reached XP level 4. HP: 35/39 MP: 4/4
  1330 | D:3      | Reached skill level 7 in Axes
  1479 | D:3      | Noticed Gerstahl's ghost (weakling DsTm)
  1529 | D:3      | Killed Gerstahl's ghost
  1529 | D:3      | Reached XP level 5. HP: 30/45 MP: 5/5
  1704 | D:3      | Reached skill level 8 in Axes
  1772 | D:3      | Found a glowing drain.
  1776 | Sewer    | Entered a sewer
  1999 | Sewer    | Noticed a big kobold
  2048 | Sewer    | Killed a big kobold
  2048 | Sewer    | Reached skill level 9 in Axes
  2048 | Sewer    | Reached XP level 6. HP: 40/51 MP: 6/6
  2136 | Sewer    | Found a white marble altar of Elyvilon.
  2663 | D:4      | Noticed Blork the orc
  2972 | D:4      | Became a worshipper of Beogh the Brigand
  2972 | D:4      | Reached * piety under Beogh
  2972 | D:4      | Reached ** piety under Beogh
  2982 | D:4      | Reached skill level 10 in Axes
  2989 | D:4      | Reached XP level 7. HP: 57/57 MP: 7/7
  3222 | D:5      | Entered Level 5 of the Dungeon
  3278 | D:5      | Reached skill level 1 in Invocations
  3604 | D:5      | Found Legy's Jewellery Shop.
  3765 | D:5      | Found a sand-covered staircase.
  3774 | Ossuary  | Entered an ossuary
  4212 | Ossuary  | Reached skill level 11 in Axes
  4293 | Ossuary  | Reached XP level 8. HP: 64/64 MP: 11/11
  4484 | D:5      | Reached skill level 5 in Invocations
  5118 | D:6      | Noticed Duvessa
  5118 | D:6      | Noticed Dowan
  5178 | D:6      | Found a shadowy altar of Dithmenos.
  5475 | D:6      | Reached skill level 12 in Axes
  5494 | D:6      | Killed Duvessa
  5494 | D:6      | Reached *** piety under Beogh
  5871 | D:6      | Found a staircase to the Ecumenical Temple.
  5977 | D:6      | Reached XP level 9. HP: 57/70 MP: 14/14
  6011 | D:6      | Found a hazy altar of Hepliaklqana.
  6130 | D:6      | Found a bloodstained altar of Trog.
  6130 | D:6      | Found a glowing golden altar of the Shining One.
  6131 | D:6      | Found a sparkling altar of Nemelex Xobeh.
  6145 | D:6      | Found a snail-covered altar of Cheibriados.
  6367 | D:6      | Killed Dowan
  6485 | D:7      | Noticed Joseph
  6752 | D:7      | Noticed Pikel
  6773 | D:7      | Killed Pikel
  6773 | D:7      | Reached skill level 13 in Axes
  6790 | D:7      | Killed Joseph
  7177 | D:7      | Found a runed door.
  7499 | D:8      | Reached skill level 10 in Invocations
  7514 | D:8      | Got a bound bronze ring
  7515 | D:8      | Identified the ring "Poulud" {+Inv rC+ rN+ Str-3} (You found it on level 8 of the Dungeon)
  7812 | D:8      | Reached skill level 14 in Axes
  7830 | D:8      | Noticed Maurice
  7844 | D:8      | Killed Maurice
  7844 | D:8      | Reached **** piety under Beogh
  7844 | D:8      | Reached XP level 10. HP: 77/77 MP: 16/18
  8741 | D:9      | Reached skill level 15 in Axes
  8748 | D:9      | Noticed a two-headed ogre
  8756 | D:9      | Killed a two-headed ogre
  9503 | D:9      | Found an ancient bone altar of Kikubaaqudgha.
  9505 | D:9      | Found a blossoming altar of Fedhas.
  9553 | D:10     | Entered Level 10 of the Dungeon
  9640 | D:10     | Reached ***** piety under Beogh
  9737 | D:10     | Noticed nht's ghost (novice DsBe)
  9758 | D:10     | Killed nht's ghost
  9758 | D:10     | Reached XP level 11. HP: 59/82 MP: 20/20
  9778 | D:10     | Found a staircase to the Lair.
  9782 | D:10     | Reached skill level 16 in Axes
 10061 | D:10     | Got a pair of distressingly furry boots
 10067 | D:10     | Identified the +2 pair of boots of the Lost Path {rPois MR+ Stlth+} (You found it on level 10 of the Dungeon)
 10201 | D:10     | Found a staircase to the Orcish Mines.
 10286 | Orc:1    | Entered Level 1 of the Orcish Mines
 10332 | Orc:1    | Noticed a two-headed ogre
 10335 | Orc:1    | Noticed an orc knight
 10339 | Orc:1    | Killed a two-headed ogre
 10343 | Orc:1    | Noticed an orc sorcerer
 10348 | Orc:1    | Noticed Erolcha
 10356 | Orc:1    | Killed Erolcha
 10358 | Orc:1    | Gained Arbolt as an ally
 10359 | Orc:1    | Killed an orc sorcerer
 10359 | Orc:1    | Reached skill level 5 in Fighting
 10741 | Orc:1    | Noticed an orc high priest
 10748 | Orc:1    | Killed an orc high priest
 11284 | Orc:2    | Entered Level 2 of the Orcish Mines
 11284 | Orc:2    | Noticed an orc sorcerer
 11284 | Orc:2    | Noticed an orc warlord
 11291 | Orc:2    | Killed an orc sorcerer
 11299 | Orc:2    | Slain by an orc warrior

Vault maps used:
D:1:      dpeg_arrival_simpleton_c
D:2:      lemuel_doored_altar
D:3:      first_bread, gup_sewer_entry_spiral
D:4:      okawaru_metal_pillars_1_2, serial_corexii_hall,
          corexii_hall_statues_i, corexii_hall_statues_l, supply_closet_lemuel,
          uniq_blork_the_orc
D:5:      enter_ossuary_1, serial_shops, shop, kennysheep_generic_room_10
D:6:      old_standard_altar, nicolae_overflow_crystal_walls,
          nicolae_overflow_quartered_altars, minmay_temple_entry_junction,
          uniq_duvessa
D:7:      uniq_pikel, uniq_crazy_yiuf_cottage, uniq_joseph
D:8:      the_bakery, kennysheep_another_room, lemuel_old_faithful, uniq_maurice
D:9:      grunt_temple_overflow_growth_and_decay
D:10:     due_lair_maze_entry_diamond, orc_0_dummy
Orc:1:    uniq_erolcha
Orc:2:    st_orc_open
Sewer:    sewer_kobolds
Ossuary:  ossuary_crypta

Skill      XL: |  1  2  3  4  5  6  7  8  9 10 11 |
---------------+----------------------------------+-----
Axes           | 5 6 7 9 10 11 12 14 15 16 | 16.0
Invocations    | 4 7 10 13 14 | 14.3
Fighting       | 6 |  6.1
Dodging        | |  2.4
Stealth        | |  1.5

Action                   |  1- 3 |  4- 6 |  7- 9 | 10-12 || total
-------------------------+-------+-------+-------+-------++-------
Melee: Hand axe          |    91 |   297 |   143 |       ||   531
       War axe           |       |       |   398 |   205 ||   603
       Unarmed           |       |       |     5 |       ||     5
Invok: Convert to Beogh  |       |     1 |       |       ||     1
       Recall Orcish Fol |       |       |       |     3 ||     3
       Smiting           |       |       |       |     1 ||     1
  Use: Potion            |       |     4 |     4 |     3 ||    11
       Scroll            |       |       |       |     2 ||     2
 Stab: Distracted        |       |       |     2 |     4 ||     6
  Eat: Chunk             |       |     6 |     4 |     3 ||    13
       Bread ration      |       |       |     3 |     2 ||     5
Armor: Chain mail        |    78 |   171 |   306 |   159 ||   714
       Robe              |     2 |       |       |       ||     2
       Skin              |       |       |     2 |       ||     2
Dodge: Dodged            |    43 |    88 |   140 |    72 ||   343

Table legend:
 A = Spawn XP
 B = Non-spawn XP
 C = Spawn XP percentage of total XP
 D = Spawn monster count
 E = Non-spawn monster count
 F = Spawn count percentage of total count
 G = Total turns spent on level
                    A         B        C        D         E        F      G
               +---------+---------+-------+---------+---------+-------+---------
         Total |       0 |   13820 |   0.0 |       0 |     292 |   0.0 | 11299
               +---------+---------+-------+---------+---------+-------+---------
           D:1 |       0 |      37 |   0.0 |       0 |      20 |   0.0 |   585
           D:2 |       0 |      63 |   0.0 |       0 |      22 |   0.0 |   607
           D:3 |       0 |     296 |   0.0 |       0 |      37 |   0.0 |  1222
           D:4 |       0 |     155 |   0.0 |       0 |       9 |   0.0 |   402
           D:5 |       0 |     678 |   0.0 |       0 |      22 |   0.0 |  1616
           D:6 |       0 |     963 |   0.0 |       0 |      20 |   0.0 |  1328
           D:7 |       0 |    1423 |   0.0 |       0 |      20 |   0.0 |   791
           D:8 |       0 |    1775 |   0.0 |       0 |      25 |   0.0 |  1098
           D:9 |       0 |    1910 |   0.0 |       0 |      34 |   0.0 |   962
          D:10 |       0 |    2494 |   0.0 |       0 |      28 |   0.0 |   733
         Orc:1 |       0 |    3018 |   0.0 |       0 |      25 |   0.0 |   998
         Orc:2 |       0 |     648 |   0.0 |       0 |       5 |   0.0 |    15
         Sewer |       0 |     139 |   0.0 |       0 |      11 |   0.0 |   406
       Ossuary |       0 |     221 |   0.0 |       0 |      14 |   0.0 |   536
               +---------+---------+-------+---------+---------+-------+---------
